 Dungeon Crawl Stone Soup version 0.30-a0-476-g330ca2eb8e (webtiles) character file.

Game seed: 16790581929192769864

74 tilp the Covered (level 4, -1/40 HPs)
             Began as a Meteoran Fighter on Dec 21, 2022.
             Succumbed to a kobold's poison
             ... on level 4 of the Dungeon.
             The game lasted 00:02:11 (346 turns).

tilp the Covered (Meteoran Fighter)                  Turns: 346, Time: 00:02:12

Health: -1/40      AC:  7    Str: 18    XL:     4   Next: 84%
Magic:  5/5        EV: 10    Int:  9    God:
Gold:   48         SH:  5    Dex: 15    Spells: 3/3 levels left

rFire   . . .      SeeInvis .    a - +0 long sword
rCold   . . .      Faith    .    c - +0 buckler
rNeg    . . .      Spirit   .    b - +0 scale mail
rPois   .          Reflect  .    (no helmet)
rElec   .          Harm     .    (no cloak)
rCorr   .          Rampage  .    (no gloves)
Will    .....                    (no boots)
Stlth   ..........               (no amulet)
HPRegen 0.26/turn                (no ring)
MPRegen 0.09/turn                (no ring)

@: mighty, brilliant, lethally poisoned (-1 -> -10), glowing
A: sense surroundings 1, otherworldly, glowing, explore regen
a: no special abilities


You were on level 4 of the Dungeon.
You visited 1 branch of the dungeon, and saw 4 of its levels.

You collected 48 gold pieces.

Inventory:

Hand Weapons
 a - a +0 long sword (weapon)
Missiles
 e - 6 stones (quivered)
Armour
 b - a +0 scale mail (worn)
 c - a +0 buckler (worn)
Jewellery
 g - a ring of magical power
Scrolls
 h - a scroll of magic mapping {unknown}
 i - 3 scrolls of brand weapon {unknown}


   Skills:
 + Level 3.8 Fighting
 + Level 3.0 Long Blades
 - Level 4.0 Armour
 * Level 2.2 Dodging
 + Level 1.0 Stealth
 - Level 4.0 Shields


You had 3 spell levels left.
You didn't know any spells.
Your spell library contained the following spells:

 Spells                   Type           Power      Damage    Failure   Level
 Vampiric Draining        Necr           0%         2d6       99%         3
 Animate Armour           Summ/Erth      0%         N/A       100%        4


Dungeon Overview and Level Annotations

Branches:
Dungeon (4/15) Zot: 2038
 Temple: D:4-7

Altars:


Innate Abilities, Weirdness & Mutations

You passively map a small area around you.
You are easily found by Zot.
You glow in the dark.
You regain HP and MP as you explore.


Message History

The ball python grabs you. The ball python constricts you.
You slash the ball python!
You kill the ball python!
You feel sick.
The kobold throws a poisoned dart.
The poisoned dart closely misses you.
The orc wizard gestures wildly while chanting.
The orc wizard flickers and vanishes!
Deactivating autopickup; reactivate with Ctrl-A.
You barely miss the worm.
You feel sick. The worm bites you.
You slash the worm!
The worm is heavily wounded.
You feel sick.
You are no longer poisoned.
The worm bites you!
* * * LOW HITPOINT WARNING * * *
You slash the worm!
You kill the worm!
The kobold throws a poisoned dart.
The poisoned dart hits you!
You are poisoned.
Your Stealth skill increases to level 1!
You closely miss something.
You feel very sick. Something hits you but does no damage.
You miss something.
You feel sick. Something hits you.
* * * LOW HITPOINT WARNING * * *
Something hits you.
* * * LOW HITPOINT WARNING * * *
You miss something.
* * * LOW HITPOINT WARNING * * *
You feel sick. You block something's attack.
Unknown command.
It was a potion of brilliance.
You feel clever all of a sudden.
* * * LOW HITPOINT WARNING * * *
You feel sick.
The kobold throws a poisoned dart.
The poisoned dart hits you!
You are more poisoned.
Something hits you but does no damage.
Unknown command.
You closely miss something.
You die...

* #.. ... , #
#.o###.. ## * , #.
,..... #.# , #..
#..#... , * ,
#...##.o#.#.# *
...........# * *
........#..$..., *
.......<##########
*
#...##.K{@.......#
#... #..########.#
#.. #..# * ,* * ##
#..# * #..# * ....
* * *##..#* #.. *
,, *


You could see a kobold.

Vanquished Creatures
  An orc priest (D:4)
  An orc wizard (D:4)
  A worm (D:4)
  An orc (D:4)
  A bat (D:2)
  An endoplasm (D:2)
  A giant cockroach (D:2)
  2 goblins
  4 jackals (D:1)
  3 ball pythons
  A frilled lizard (D:2)
  A rat (D:2)
18 creatures vanquished.

Notes
Turn   | Place    | Note
-------+----------+-------------------------------------------
     0 | D:1      | tilp the Meteoran Fighter began the quest for the Orb.
     0 | D:1      | Reached XP level 1. HP: 19/19 MP: 2/2
    28 | D:1      | Found a faded altar of an unknown god.
    46 | D:1      | Reached XP level 2. HP: 23/26 MP: 3/3
   100 | D:2      | Got the Quarto of Shadowy Apparitions
   211 | D:2      | Reached skill level 1 in Dodging
   327 | D:4      | Reached XP level 3. HP: 27/31 MP: 4/4
   333 | D:4      | Reached XP level 4. HP: 28/38 MP: 5/5
   342 | D:4      | Reached skill level 1 in Stealth
   344 | D:4      | HP: 1/40 [poisoned by a kobold]
   346 | D:4      | Succumbed to a kobold's poison

Illustrated notes

Levels and vault maps discovered:
D:1:      lemuel_arrival_tunnels, layout_basic, basic_ecumenical_altar,
          palyth_stone_intersect
D:2:      layout_loops_corners, small_statue_intersection, grunt_ministairs_10,
          minmay_strange_pillars, minmay_snake_closets
D:3:      layout_loops_ring, marbit_many_paths, uniq_natasha, uniq_jessica,
          uniq_ijyb
D:4:      layout_loops_ring, mainiacjoe_overflow_alcove_1,
          mainiacjoe_overflow_cross_hatched, temple_statues, grunt_ministairs_6,
          uniq_crazy_yiuf_cottage

Skill      XL: |  1  2  3  4 |
---------------+-------------+-----
Dodging        | 1 2 |  2.2
Long Blades    | 3 |  3.0
Armour         | 4 |  4.0
Shields        | 4 |  4.0
Stealth        | 1 |  1.0
Fighting       | |  3.8

Action                   |  1- 3 |  4- 6 || total
-------------------------+-------+-------++-------
Melee: Long sword        |    41 |    12 ||    53
  Use: Potion            |     1 |     1 ||     2
Armor: Scale mail        |    29 |     3 ||    32
Dodge: Dodged            |     7 |     3 ||    10
Block: Buckler           |     6 |     2 ||     8

Table legend: (Time is in decaauts)
 A = Elapsed time spent in this place.
 B = Non-inter-level travel time spent in this place.
 C = Inter-level travel time spent in this place.
 D = Time resting spent in this place.
 E = Time spent auto-exploring this place.
 F = Levels seen in this place.
 G = Mean time per level.
                   A        B        C        D        E       F      G
               +--------+--------+--------+--------+--------+-----+--------+
         Total |    361 |    325 |     36 |      0 |      0 |   4 |   90.2 |
       Dungeon |    361 |    325 |     36 |      0 |      0 |   4 |   90.2 |
               +--------+--------+--------+--------+--------+-----+--------+

Top non-repeatable levels by time:
     D:3: 140 daAuts
     D:2: 116 daAuts
     D:1: 62 daAuts
     D:4: 42 daAuts
